 Dungeon Crawl Stone Soup version 0.22.1-1-ga44c0e5 (webtiles) character file.

78 redwoodhats the Digger (level 3, -2/26 HPs)
             Began as a Demigod Earth Elementalist on Oct 22, 2018.
             Slain by a leopard gecko (3 damage)
             ... on level 2 of the Dungeon on Oct 23, 2018.
             The game lasted 00:11:30 (1413 turns).

redwoodhats the Digger (Demigod Earth Elementalist) Turns: 1413, Time: 00:11:31

Health: -2/26      AC:  3    Str: 11    XL:     3   Next: 94%
Magic:  8/9        EV: 12    Int: 21    God:
Gold:   66         SH:  0    Dex: 16    Spells: 6/7 levels left

rFire    . . .     SeeInvis .   o - +0 hunting sling
rCold    . . .     Gourm    .   (no shield)
rNeg     . . .     Faith    .   c - +0 robe
rPois    .         Spirit   .   (no helmet)
rElec    .         Reflect  .   (no cloak)
rCorr    .         Harm     .   (no gloves)
MR       .....                  l - +0 pair of boots
Stlth    ++........             (no amulet)
HPRegen  0.08/turn              (no ring)
MPRegen  0.11/turn              (no ring)

@: no status effects
A: high mp 1
a: no special abilities


You were on level 2 of the Dungeon.
You were not hungry.

You visited 1 branch of the dungeon, and saw 2 of its levels.

You collected 66 gold pieces.

Inventory:

Hand Weapons
 e - a +0 short sword
 f - a +0 club
 k - a +0 short sword
 m - a +0 dagger
 n - a +0 club
 o - a +0 hunting sling (weapon)
Missiles
 b - 23 stones (quivered)
Armour
 c - a +0 robe (worn)
 l - a +0 pair of boots (worn)
Scrolls
 a - a scroll of magic mapping
 g - 3 scrolls of identify
 h - 2 scrolls of fear
 i - a scroll of enchant armour {unknown}
 j - a scroll of remove curse
Potions
 q - a potion of heal wounds {unknown}
Comestibles
 d - 5 rations


   Skills:
 + Level 0.7 Slings
 + Level 1.8 Dodging
 + Level 2.0 Stealth
 + Level 2.6 Spellcasting
   Level 0.8 Transmutations
 + Level 3.6 Earth Magic


You had 6 spell levels left.
You knew the following spells:

 Your Spells              Type           Power        Failure   Level  Hunger
a - Sandblast             Erth           ###...       3%          1    None

Your spell library contained the following spells:

 Spells                   Type           Power        Failure   Level  Hunger
 Passwall                 Tmut/Erth      ##......     9%          2    ##.....
 Stone Arrow              Conj/Erth      ##....       19%         3    ###....
 Petrify                  Tmut/Erth      ##......     47%         4    ####...
 Lee's Rapid Deconstruct  Erth           ###.......   63%         5    ######.


Dungeon Overview and Level Annotations

Branches:
Dungeon (2/15)


Innate Abilities, Weirdness & Mutations

You have an increased reservoir of magic. (+10% MP)


Message History

The leopard gecko is severely wounded.
The leopard gecko bites you but does no damage.
The leopard gecko bites you.
You barely miss the leopard gecko.
The leopard gecko is severely wounded.
The leopard gecko bites you. The leopard gecko closely misses you.
You barely miss the leopard gecko.
The leopard gecko is severely wounded.
The leopard gecko bites you.
You closely miss the leopard gecko.
The leopard gecko is severely wounded.
The leopard gecko bites you.
* * * LOW HITPOINT WARNING * * *
The leopard gecko barely misses you.
You miss the leopard gecko.
The leopard gecko is severely wounded.
The leopard gecko bites you.
* * * LOW HITPOINT WARNING * * *
The leopard gecko bites you.
You die...

######.#.#
#.. ..#†#
#(# ###.#
#.# #.# #.#
#.# #.# #.#
#(# #.# #l#
#.# #@# #.#
#.# #.#
##.######.#
#.........#
###########


You could see a leopard gecko.

Vanquished Creatures
  An adder (D:2)
  An ooze (D:1)
  2 worms (D:2)
  5 dart slugs
  A leopard gecko (D:1)
  A ball python (D:1)
  9 bats
  3 giant cockroaches (D:2)
  2 goblins
  6 hobgoblins
  2 jackals (D:1)
  2 frilled lizards
  10 kobolds
  6 rats
51 creatures vanquished.

Notes
Turn   | Place    | Note
-------+----------+-------------------------------------------
     0 | D:1      | redwoodhats the Demigod Earth Elementalist began the quest
                  | for the Orb.
     0 | D:1      | Reached XP level 1. HP: 14/14 MP: 5/5
   217 | D:1      | Reached skill level 3 in Earth Magic
   282 | D:1      | Reached XP level 2. HP: 17/20 MP: 5/7
   651 | D:1      | Reached XP level 3. HP: 24/26 MP: 0/9
  1013 | D:2      | Found a sacrificial altar of Ru.
  1068 | D:2      | Found a white marble altar of Elyvilon.
  1203 | D:2      | Found a faded altar of an unknown god.
  1413 | D:2      | HP: 1/26 [leopard gecko (3)]
  1413 | D:2      | Slain by a leopard gecko

Skill      XL: |  1  2 |
---------------+-------+-----
Spellcasting   | 2 |  2.6
Earth Magic    | 3 |  3.6
Stealth        | 2 |  2.0
Slings         | |  0.7
Dodging        | |  1.8
Transmutations | |  0.8

Action                   || total
-------------------------++-------
Melee: Unarmed           ||    13
       Hunting sling     ||    12
 Fire: Hunting sling     ||    32
Throw: Stone             ||     3
 Cast: Sandblast         ||    67
  Use: Scroll            ||     4
       Potion            ||     1
 Stab: Sleeping          ||     1
  Eat: Chunk             ||     2
Armor: Robe              ||    26
Dodge: Dodged            ||    68
